AoeStats
← .RamroD.

Yucatan

510450109Analyzed
4v4 RM · 1d ago on Oct 1, 2026· 57m 28s· 8 players
Game mode
Random Map
Map size
Large (8 player)
Population
200
Speed
Normal
Resources
Standard
Victory
Conquest
Starting age
Dark Age
Ending age
Imperial Age
RankedLock teamsTeams togetherTeam positionsShared explorationLock speedFull tech treeHidden civsTurbo modeCheats
Victory
Defeat
🇨🇳 Huns · China
877
+11
855
+12
🇨🇳 Saracens · China
809
+14
799
+14
🇺🇸 Mongols · United States
791
-14
🇺🇸 Aztecs · United States
774
-13
🇺🇸 Turks · United States
756
-12
🇺🇸 Spanish · United States
739
-12
KKH
11:52 Feudal Age
12:42 Double-Bit Axe
12:39 Horse Collar
17:34 Loom
21:55 Castle Age
24:58 Fletching
27:06 Wheelbarrow
26:45 Bow Saw
30:24 Pikeman
36:12 Heavy Plow
45:41 Imperial Age
43:19 Padded Archer Armor
42:43 Elite Skirmisher
43:59 Bodkin Arrow
46:14 Thumb Ring
45:52 Elite Mameluke
46:59 Bracer
48:39 Conscription
48:40 Leather Archer Armor
50:33 Ring Archer Armor
51:22 Gold Mining
53:11 Forging
53:00 Capped Ram
我的队友很厉害
1:27 Loom
12:08 Feudal Age
17:43 Castle Age
18:40 Husbandry
18:53 Forging
24:06 Bloodlines
27:19 Scale Barding Armor
29:25 Chain Barding Armor
33:36 Double-Bit Axe
36:06 Iron Casting
37:58 Elite Skirmisher
38:47 Caravan
43:32 Imperial Age
42:46 Fletching
43:15 Thumb Ring
44:13 Herbal Medicine
45:07 Kshatriyas
45:27 Elite Shrivamsha Rider
49:26 Wheelbarrow
52:46 Plate Barding Armor
53:59 Bow Saw
53:42 Gold Mining
53:46 Stone Mining
54:03 Horse Collar
56:24 Hand Cart
55:55 Town Watch
56:13 Heavy Plow
56:59 Gold Shaft Mining
57:20 Ballistics
这游戏到底谁在赢
12:26 Feudal Age
13:18 Double-Bit Axe
17:00 Castle Age
17:45 Pikeman
26:49 Man-at-Arms
30:28 Bow Saw
30:03 Horse Collar
30:23 Gold Mining
36:00 Imperial Age
33:17 Long Swordsman
36:36 Squires
36:40 Scale Mail Armor
36:50 Perfusion
36:27 Halberdier
36:52 Two-Handed Swordsman
37:38 Champion
38:45 Loom
43:44 Stone Mining
49:41 Chain Mail Armor
49:37 Forging
50:36 Elite Huskarl
51:18 Anarchy
55:50 Anarchy
理塘雪豹王
0:32 Loom
14:32 Feudal Age
15:24 Double-Bit Axe
17:21 Stone Mining
17:22 Gold Mining
20:31 Castle Age
22:42 Wheelbarrow
22:31 Bow Saw
22:53 Scale Barding Armor
23:43 Gold Shaft Mining
26:32 Forging
29:28 Hand Cart
35:27 Horse Collar
39:52 Imperial Age
39:47 Chain Barding Armor
40:03 Iron Casting
40:23 Elite Tarkan
41:07 Marauders
41:41 Heavy Plow
43:11 Husbandry
43:21 Bloodlines
45:24 Plate Barding Armor
45:50 Blast Furnace
49:47 Conscription
vickshick
0:27 Loom
12:48 Feudal Age
16:16 Wheelbarrow
19:36 Castle Age
18:13 Bloodlines
21:30 Forging
21:29 Scale Barding Armor
22:26 Double-Bit Axe
22:51 Gold Mining
22:51 Stone Mining
23:48 Horse Collar
27:52 Iron Casting
30:34 Chain Barding Armor
36:32 Imperial Age
35:54 Fletching
36:28 Ballistics
36:54 Coinage
42:21 Hand Cart
44:12 Conscription
46:28 Elite Janissary
kingfisher1108
11:38 Feudal Age
24:50 Castle Age
28:31 Double-Bit Axe
31:42 Scale Barding Armor
37:28 Horse Collar
39:31 Light Cavalry
40:25 Bloodlines
45:23 Imperial Age
45:28 Light Cavalry
.RamroD.
10:55 Loom
13:10 Feudal Age
16:11 Double-Bit Axe
20:12 Castle Age
18:28 Gold Mining
18:29 Stone Mining
20:37 Stone Mining
20:46 Pikeman
21:27 Squires
23:09 Gambesons
33:02 Bow Saw
33:37 Gold Shaft Mining
34:06 Forging
33:56 Scale Mail Armor
34:22 Murder Holes
35:45 Horse Collar
37:16 Atlatl
45:50 Imperial Age
47:27 Iron Casting
47:07 Chain Mail Armor
47:38 Stone Shaft Mining
47:00 Elite Skirmisher
47:12 Elite Jaguar Warrior
50:30 Conscription
51:16 Blast Furnace
50:47 Plate Mail Armor
55:44 Wheelbarrow
54:55 Town Watch
56:40 Garland Wars
56:52 Garland Wars
darkwolf
7:22 Loom
10:45 Feudal Age
12:52 Man-at-Arms
13:18 Arson
16:26 Bloodlines
16:58 Fletching
21:53 Castle Age
22:03 Wheelbarrow
21:22 Double-Bit Axe
22:11 Crossbowman
23:55 Bodkin Arrow
25:21 Pikeman
32:54 Wheelbarrow
36:42 Squires
41:18 Scale Mail Armor
43:13 Padded Archer Armor
Connection lost

Rejoining the realm…

Still unreachable

The connection could not be restored.

Session expired

The server has moved on; the page needs a fresh start.